TOP OF THE 1ST |
Colorado Avalanche batting - Pitching for Victoria Capitals : LHP Jon Lyda
|
Pitching: LHP Jon Lyda
|
|
Batting: RHB Ben Connelly
|
0-0: Ball 1-0: Called Strike 1-1: Ball 2-1: Fly out, F5 (Line Drive, 5, EV 69.4 MPH)
|
Batting: SHB Taylor Shelton
|
0-0: Ball 1-0: Ball 2-0: Swinging Strike 2-1: Foul Ball, location: 2F 2-2: Foul Ball, location: 2F 2-2: Foul Ball, location: 2F 2-2: Foul Ball, location: 2F 2-2: Foul Ball, location: 2F 2-2: Foul Ball, location: 2F 2-2: SINGLE (Flyball, 3D, EV 95.0 MPH)
|
Batting: RHB Joe Shade
|
0-0: Called Strike 0-1: Swinging Strike 0-2: Ball 1-2: Strikes out swinging
|
Batting: RHB Aaron Burnet
|
0-0: Ball 1-0: Called Strike 1-1: Swinging Strike 1-2: SINGLE (Groundball, 34S, EV 81.9 MPH) (infield hit) Taylor Shelton to second
|
Batting: RHB Jon Herner
|
0-0: Ball 1-0: Foul Ball, location: 2F 1-1: Swinging Strike 1-2: Ball 2-2: Strikes out looking
|
Top of the 1st over - 0 runs, 2 hits, 0 errors, 2 left on base; Colorado 0 - Victoria 0 |
BOTTOM OF THE 1ST |
Victoria Capitals batting - Pitching for Colorado Avalanche : RHP Yin-ti Shen
|
Pitching: RHP Yin-ti Shen
|
|
Batting: RHB Mike Reynolds
|
0-0: Ball 1-0: Fly out, F8 (Flyball, 78M, EV 91.9 MPH)
|
Batting: RHB Antonio Arechiga
|
0-0: Fly out, F8 (Flyball, 8LD, EV 103.1 MPH)
|
Batting: LHB Jason Cary
|
0-0: Called Strike 0-1: Ball 1-1: Foul Ball, location: 2F 1-2: Strikes out swinging
|
Bottom of the 1st over - 0 runs, 0 hits, 0 errors, 0 left on base; Colorado 0 - Victoria 0 |
TOP OF THE 2ND |
Colorado Avalanche batting - Pitching for Victoria Capitals : LHP Jon Lyda
|
Batting: LHB Tyler Twiss
|
0-0: Foul Ball, location: 2F 0-1: Ground out U3 (Groundball, 34, EV 82.5 MPH)
|
Batting: RHB Mike Chiquete
|
0-0: Ground out U3 (Groundball, 3L, EV 86.2 MPH)
|
Batting: LHB Dan Goldberg
|
0-0: Ball 1-0: Called Strike 1-1: Foul Ball, location: 2F 1-2: Foul Ball, location: 2F 1-2: Ground out 4-3 (Groundball, 4, EV 98.8 MPH)
|
Top of the 2nd over - 0 runs, 0 hits, 0 errors, 0 left on base; Colorado 0 - Victoria 0 |
BOTTOM OF THE 2ND |
Victoria Capitals batting - Pitching for Colorado Avalanche : RHP Yin-ti Shen
|
Batting: RHB Hyeon-cheong Lee
|
0-0: Ball 1-0: Swinging Strike 1-1: Called Strike 1-2: Strikes out swinging
|
Batting: LHB Willard Balcome
|
0-0: Foul Ball, location: 2F 0-1: Ball 1-1: Ball 2-1: Swinging Strike 2-2: Ground out U3 (Groundball, 3, EV 111.2 MPH)
|
Batting: SHB Rich Roberts
|
0-0: Ball 1-0: Called Strike 1-1: Called Strike 1-2: Ground out 5-3 (Groundball, 56S, EV 62.5 MPH)
|
Bottom of the 2nd over - 0 runs, 0 hits, 0 errors, 0 left on base; Colorado 0 - Victoria 0 |
TOP OF THE 3RD |
Colorado Avalanche batting - Pitching for Victoria Capitals : LHP Jon Lyda
|
Batting: LHB Bob Kaufmann
|
0-0: Called Strike 0-1: Foul Ball, location: 2F 0-2: Foul Ball, location: 2F 0-2: Ball 1-2: Ball 2-2: Strikes out swinging
|
Batting: RHB Ben Connelly
|
0-0: Swinging Strike 0-1: Called Strike 0-2: Strikes out looking
|
Batting: SHB Taylor Shelton
|
0-0: Foul Ball, location: 2F 0-1: Ball 1-1: Ball 2-1: Ball 3-1: Fly out, F7 (Flyball, 7S, EV 85.0 MPH)
|
Top of the 3rd over - 0 runs, 0 hits, 0 errors, 0 left on base; Colorado 0 - Victoria 0 |
BOTTOM OF THE 3RD |
Victoria Capitals batting - Pitching for Colorado Avalanche : RHP Yin-ti Shen
|
Batting: LHB Mike Jones
|
0-0: Called Strike 0-1: Ground out 4-3 (Groundball, 4, EV 95.6 MPH)
|
Batting: RHB Ray Wathey
|
0-0: Called Strike 0-1: Ball 1-1: Foul Ball, location: 2F 1-2: Strikes out swinging
|
Batting: RHB Josh Rentz
|
0-0: Foul Ball, location: 2F 0-1: Ball 1-1: Ground out 4-3 (Groundball, 4, EV 109.4 MPH)
|
Bottom of the 3rd over - 0 runs, 0 hits, 0 errors, 0 left on base; Colorado 0 - Victoria 0 |
TOP OF THE 4TH |
Colorado Avalanche batting - Pitching for Victoria Capitals : LHP Jon Lyda
|
Batting: RHB Joe Shade
|
0-0: Ball 1-0: Called Strike 1-1: Foul Ball, location: 2F 1-2: Foul Ball, location: 2F 1-2: Ball 2-2: Fly out, F7 (Flyball, 7D, EV 93.1 MPH)
|
Batting: RHB Aaron Burnet
|
0-0: Foul Ball, location: 2F 0-1: Swinging Strike 0-2: SINGLE (Groundball, 34D, EV 101.9 MPH)
|
Batting: RHB Jon Herner
|
0-0: Ball Aaron Burnet steals 2nd base 1-0: Ground out 6-3 (Groundball, 6, EV 79.4 MPH) Aaron Burnet to third
|
Batting: LHB Tyler Twiss
|
0-0: Called Strike 0-1: Ball 1-1: Ball 2-1: Fly out, F7 (Flyball, 7, EV 93.1 MPH)
|
Top of the 4th over - 0 runs, 1 hit, 0 errors, 1 left on base; Colorado 0 - Victoria 0 |
BOTTOM OF THE 4TH |
Victoria Capitals batting - Pitching for Colorado Avalanche : RHP Yin-ti Shen
|
Batting: RHB Mike Reynolds
|
0-0: Called Strike 0-1: Called Strike 0-2: Ground out U3 (Groundball, 34, EV 88.8 MPH)
|
Batting: RHB Antonio Arechiga
|
0-0: Called Strike 0-1: Ball 1-1: Ball 2-1: Foul Ball, location: 2F 2-2: SINGLE (Groundball, 6, EV 108.8 MPH)
|
Batting: LHB Jason Cary
|
0-0: Called Strike Antonio Arechiga steals 2nd base 0-1: Ground out 3-1 (Groundball, 34, EV 83.8 MPH) Antonio Arechiga to third
|
Batting: RHB Hyeon-cheong Lee
|
0-0: Foul Ball, location: 2F 0-1: Ground out 4-3 (Groundball, 4S, EV 83.1 MPH)
|
Bottom of the 4th over - 0 runs, 1 hit, 0 errors, 1 left on base; Colorado 0 - Victoria 0 |
TOP OF THE 5TH |
Colorado Avalanche batting - Pitching for Victoria Capitals : LHP Jon Lyda
|
Batting: RHB Mike Chiquete
|
0-0: Ball 1-0: Fly out, F8 (Flyball, 8LD, EV 93.8 MPH)
|
Batting: LHB Dan Goldberg
|
0-0: Called Strike 0-1: Called Strike 0-2: Fly out, F8 (Flyball, 89D, EV 100.6 MPH)
|
Batting: LHB Bob Kaufmann
|
0-0: Ball 1-0: Ball 2-0: Called Strike 2-1: SINGLE (Groundball, 5S, EV 61.9 MPH) (infield hit)
|
Pitching: RHP Victor Ocampo
|
|
Batting: RHB Ben Connelly
|
0-0: Ball 1-0: Ground out 4-3 (Groundball, 4, EV 110.0 MPH)
|
Top of the 5th over - 0 runs, 1 hit, 0 errors, 1 left on base; Colorado 0 - Victoria 0 |
BOTTOM OF THE 5TH |
Victoria Capitals batting - Pitching for Colorado Avalanche : RHP Yin-ti Shen
|
Batting: LHB Willard Balcome
|
0-0: Ball 1-0: Ball 2-0: Ground out 6-3 (Groundball, 6, EV 92.5 MPH)
|
Batting: SHB Rich Roberts
|
0-0: Ball 1-0: Ball 2-0: Bunt for hit to 13S - play at first, batter OUT! 1-3
|
Batting: LHB Mike Jones
|
0-0: Fly out, F9 (Flyball, 89M, EV 86.9 MPH)
|
Bottom of the 5th over - 0 runs, 0 hits, 0 errors, 0 left on base; Colorado 0 - Victoria 0 |
TOP OF THE 6TH |
Colorado Avalanche batting - Pitching for Victoria Capitals : RHP Victor Ocampo
|
Batting: SHB Taylor Shelton
|
0-0: Called Strike 0-1: Foul Ball, location: 2F 0-2: Strikes out swinging
|
Batting: RHB Joe Shade
|
0-0: Foul Ball, location: 2F 0-1: Swinging Strike 0-2: Ball 1-2: Ball 2-2: Fly out, F8 (Flyball, 8RXD, EV 106.2 MPH)
|
Batting: RHB Aaron Burnet
|
0-0: Swinging Strike 0-1: Ball 1-1: Ball 2-1: Foul Ball, location: 2F 2-2: Foul Ball, location: 2F 2-2: Foul Ball, location: 2F 2-2: Ground out 4-3 (Groundball, 4, EV 102.5 MPH)
|
Top of the 6th over - 0 runs, 0 hits, 0 errors, 0 left on base; Colorado 0 - Victoria 0 |
BOTTOM OF THE 6TH |
Victoria Capitals batting - Pitching for Colorado Avalanche : RHP Yin-ti Shen
|
Batting: RHB Ray Wathey
|
0-0: Called Strike 0-1: Called Strike 0-2: Strikes out swinging
|
Batting: RHB Josh Rentz
|
0-0: Ball 1-0: Ball 2-0: Ball 3-0: Base on Balls
|
Batting: RHB Mike Reynolds
|
0-0: Called Strike 0-1: Ball 1-1: Called Strike 1-2: Ball 2-2: Strikes out swinging
|
Batting: RHB Antonio Arechiga
|
0-0: Called Strike 0-1: Fly out, F3 (Popup, 3, EV 66.9 MPH)
|
Bottom of the 6th over - 0 runs, 0 hits, 0 errors, 1 left on base; Colorado 0 - Victoria 0 |
TOP OF THE 7TH |
Colorado Avalanche batting - Pitching for Victoria Capitals : RHP Victor Ocampo
|
Batting: RHB Jon Herner
|
0-0: Ball 1-0: Swinging Strike 1-1: Hit by Pitch
|
Batting: LHB Tyler Twiss
|
0-0: Called Strike 0-1: Ball 1-1: Ball 2-1: SINGLE (Groundball, 34D, EV 103.1 MPH) Jon Herner to second Runner from 2nd tries for 3rd, OUT! 9-5
|
Pinch Hitting: LHB Rich Rauda
|
0-0: Ball 1-0: Foul Ball, location: 2F 1-1: Ball 2-1: Ball 3-1: Foul Ball, location: 2F 3-2: Strikes out looking
|
Pinch Hitting: RHB Brent Montagano
|
0-0: Ball 1-0: Foul Ball, location: 2F 1-1: Swinging Strike 1-2: Ball 2-2: Foul Ball, location: 2F 2-2: Ball 3-2: 2-RUN HOME RUN (Flyball, 7D, EV 93.8 MPH), Distance : 369 ft
|
Batting: LHB Bob Kaufmann
|
0-0: Called Strike 0-1: Called Strike 0-2: Ball 1-2: Ball 2-2: Foul Ball, location: 2F 2-2: Foul Ball, location: 2F 2-2: Ground out 4-3 (Groundball, 4, EV 90.0 MPH)
|
Top of the 7th over - 2 runs, 2 hits, 0 errors, 0 left on base; Colorado 2 - Victoria 0 |
BOTTOM OF THE 7TH |
Victoria Capitals batting - Pitching for Colorado Avalanche : RHP Yin-ti Shen
|
Now at 3B: Ken Dunphy
|
|
Now in LF: Marco Avina
|
|
Batting: LHB Jason Cary
|
0-0: Foul Ball, location: 2F 0-1: Swinging Strike 0-2: Ball 1-2: Ball 2-2: Foul Ball, location: 2F 2-2: Strikes out looking
|
Batting: RHB Hyeon-cheong Lee
|
0-0: Ball 1-0: Fly out, F9 (Flyball, 9, EV 86.2 MPH)
|
Batting: LHB Willard Balcome
|
0-0: Foul Ball, location: 2F 0-1: Ball 1-1: Ball 2-1: Called Strike 2-2: Ball 3-2: Strikes out swinging
|
Bottom of the 7th over - 0 runs, 0 hits, 0 errors, 0 left on base; Colorado 2 - Victoria 0 |
TOP OF THE 8TH |
Colorado Avalanche batting - Pitching for Victoria Capitals : RHP Victor Ocampo
|
Pitching: RHP Kevin Stodart
|
|
Batting: RHB Ben Connelly
|
0-0: Ball 1-0: Foul Ball, location: 2F 1-1: Swinging Strike 1-2: Ball 2-2: Ground out 5-3 (Groundball, 56, EV 108.8 MPH)
|
Batting: SHB Taylor Shelton
|
0-0: Ball 1-0: Foul Ball, location: 2F 1-1: SINGLE (Line Drive, 9LS, EV 105.0 MPH)
|
Batting: RHB Joe Shade
|
0-0: Ball Taylor Shelton steals 2nd base 1-0: Foul Ball, location: 2F 1-1: Ball Wild Pitch! Taylor Shelton to third 2-1: Ball 3-1: Called Strike 3-2: Foul Ball, location: 2F 3-2: 2-RUN HOME RUN (Flyball, 7D, EV 96.2 MPH), Distance : 372 ft
|
Batting: RHB Aaron Burnet
|
0-0: Fly out, F8 (Flyball, 8RS, EV 86.9 MPH)
|
Batting: RHB Jon Herner
|
0-0: Called Strike 0-1: SINGLE (Groundball, 34D, EV 106.2 MPH)
|
Batting: LHB Tyler Twiss
|
0-0: Called Strike 0-1: Fly out, F8 (Flyball, 8RXD, EV 105.6 MPH)
|
Top of the 8th over - 2 runs, 3 hits, 0 errors, 1 left on base; Colorado 4 - Victoria 0 |
BOTTOM OF THE 8TH |
Victoria Capitals batting - Pitching for Colorado Avalanche : RHP Yin-ti Shen
|
Pitching: RHP David Spangler
|
|
Batting: SHB Rich Roberts
|
0-0: Ball 1-0: Ground out 5-3 (Groundball, 15, EV 93.8 MPH)
|
Batting: LHB Mike Jones
|
0-0: Called Strike 0-1: Called Strike 0-2: Fly out, F9 (Flyball, 9S, EV 90.6 MPH)
|
Pinch Hitting: LHB Adam Lupfer
|
0-0: Foul Ball, location: 2F 0-1: Swinging Strike 0-2: Foul Ball, location: 2F 0-2: Ball 1-2: Ball 2-2: Fly out, F6 (Popup, 4M, EV 51.9 MPH)
|
Bottom of the 8th over - 0 runs, 0 hits, 0 errors, 0 left on base; Colorado 4 - Victoria 0 |
TOP OF THE 9TH |
Colorado Avalanche batting - Pitching for Victoria Capitals : RHP Kevin Stodart
|
Now at SS: Kevin Harris
|
|
Batting: RHB Marco Avina
|
0-0: Ball 1-0: Ground out 5-3 (Groundball, 5S, EV 66.2 MPH)
|
Batting: RHB Ken Dunphy
|
0-0: Ball 1-0: Ball 2-0: SOLO HOME RUN (Flyball, 78XD, EV 96.9 MPH), Distance : 393 ft
|
Batting: LHB Bob Kaufmann
|
0-0: Fly out, F9 (Flyball, 89D, EV 88.1 MPH)
|
Batting: RHB Ben Connelly
|
0-0: Foul Ball, location: 2F 0-1: Ball 1-1: Foul Ball, location: 2F 1-2: Ball 2-2: SINGLE (Line Drive, 6MD, EV 96.9 MPH)
|
Pitching: RHP Ruben Mendoza
|
|
Batting: SHB Taylor Shelton
|
0-0: Called Strike 0-1: Foul Ball, location: 2F 0-2: Strikes out looking
|
Top of the 9th over - 1 run, 2 hits, 0 errors, 1 left on base; Colorado 5 - Victoria 0 |
BOTTOM OF THE 9TH |
Victoria Capitals batting - Pitching for Colorado Avalanche : RHP David Spangler
|
Batting: RHB Josh Rentz
|
0-0: Ball 1-0: Swinging Strike 1-1: Ball 2-1: Foul Ball, location: 2F 2-2: Foul Ball, location: 2F 2-2: Strikes out swinging
|
Pinch Hitting: RHB Roberto Medina
|
0-0: Called Strike 0-1: Swinging Strike 0-2: Ball 1-2: Ball 2-2: Strikes out looking
|
Pinch Hitting: RHB Nick Ellis
|
0-0: Ball 1-0: Ball 2-0: Swinging Strike 2-1: Swinging Strike 2-2: Foul Ball, location: 2F 2-2: Strikes out looking
|
Bottom of the 9th over - 0 runs, 0 hits, 0 errors, 0 left on base; Colorado 5 - Victoria 0 |
|